 Dungeon Crawl Stone Soup version 0.26-a0-837-g5a8a614f01 (webtiles) character file.

Game seed: 18444750251095102235

53 Morbidden the Skirmisher (level 3, 0/33 HPs)
             Began as a Palentonga Fighter on Nov 18, 2020.
             Killed from afar by an orc wizard (8 damage)
             ... with a puff of frost
             ... on level 2 of the Dungeon.
             The game lasted 00:01:33 (1059 turns).

Morbidden the Skirmisher (Palentonga Fighter)       Turns: 1059, Time: 00:01:34

Health: 0/33       AC:  7    Str: 20    XL:     3   Next: 62%
Magic:  3/3        EV:  5    Int:  8    God:
Gold:   113        SH:  8    Dex:  9    Spells: 2/2 levels left

rFire    . . .     SeeInvis +   a - +0 long sword
rCold    . . .     Faith    .   c - +0 kite shield
rNeg     . . .     Spirit   .   b - +0 scale mail
rPois    .         Reflect  .   j - +0 helmet
rElec    .         Harm     .   (no cloak)
rCorr    .         Rampage  .   (no gloves)
MR       .....                  (no barding)
Stlth    ..........             (no amulet)
HPRegen  0.11/turn              (no ring)
MPRegen  0.08/turn              (no ring)

@: no status effects
A: large, rugged brown scales 3, see invisible, deformed body, roll 1, armoured
tail
a: Rolling Charge


You were on level 2 of the Dungeon.
You visited 1 branch of the dungeon, and saw 2 of its levels.

You collected 113 gold pieces.

Inventory:

Hand Weapons
 a - a +0 long sword (weapon)
Armour
 b - a +0 scale mail (worn)
 c - a +0 kite shield (worn)
 j - a +0 helmet (worn)
Scrolls
 e - a scroll of magic mapping {unknown}
 f - a scroll of teleportation {unknown}
 g - a scroll of random uselessness {unknown}
 i - a scroll of enchant armour {unknown}
 l - a scroll of enchant weapon {unknown}
 m - a scroll of remove curse {unknown}
Potions
 d - 2 potions of might
 h - a potion of heal wounds {unknown}
 k - a potion of flight {unknown}


   Skills:
 * Level 3.5 Fighting
 * Level 2.6 Long Blades
 + Level 2.8 Armour
 + Level 0.1 Dodging
 + Level 2.7 Shields


You had 2 spell levels left.
You didn't know any spells.
Your spell library was empty.

Dungeon Overview and Level Annotations

Branches:
Dungeon (2/15)

Altars:
Okawaru


Innate Abilities, Weirdness & Mutations

You are completely covered in rugged brown scales. (AC +3, +7% HP)
You have supernaturally acute eyesight. (SInv)
Armour fits poorly on your strangely shaped body.
You can roll at nearby foes to attack.
You have a long armoured tail.


Message History

Items here: ))) ††††.
Okay, then.
You feel sick.
You feel sick.
You are no longer poisoned.
An orc wizard comes into view. It is wielding a +0 dagger.
An orc wizard is nearby!
An orc wizard is nearby!
Roll where?
Press: ? - help, Dir - move target cursor, f - orc wizard
Aim: an orc wizard, wielding a +0 dagger and wearing a cursed +0 robe (wandering, hasn't noticed you)
You roll forward with a clatter of scales!
The orc wizard shouts!
You barely miss the orc wizard.
A rat, a hobgoblin and an orc come into view.
The orc shouts!
The hobgoblin shouts!
The orc wizard barely misses you.
The orc wizard gestures at you while chanting.
The puff of frost hits you!
You die...

...##.##......###
#...#.##......^.
#.#....#.....#
#.##.....<...#
####.#.[##......#
#........#......#
####.........rg....#
#......o...o######...#
#...#...@###########...
#........○○........ ...
#...############### #.
#.. ## ##


You could see an orc wizard, an orc, a hobgoblin and a rat.

Vanquished Creatures
  3 adders (D:2)
  A dart slug (D:1)
  2 leopard geckos (D:1)
  3 goblins (D:2)
  5 hobgoblins
  4 jackals (D:1)
  A bat (D:1)
  A frilled lizard (D:1)
  A kobold (D:2)
21 creatures vanquished.

Notes
Turn   | Place    | Note
-------+----------+-------------------------------------------
     0 | D:1      | Morbidden the Palentonga Fighter began the quest for the
                  | Orb.
     0 | D:1      | Reached XP level 1. HP: 20/20 MP: 1/1
   216 | D:1      | Found an iron altar of Okawaru.
   243 | D:1      | Reached XP level 2. HP: 27/27 MP: 2/2
  1028 | D:2      | Reached XP level 3. HP: 19/33 MP: 3/3
  1059 | D:2      | Killed from afar by an orc wizard

Illustrated notes

Levels and vault maps discovered:
D:1:      minmay_arrival_shoal_huts, layout_basic, grunt_decor_junction,
          okawaru_ov_weapons_minmay
D:2:      layout_rooms, lemuel_zombie_altar_yredelemnul

Action                   || total
-------------------------++-------
Melee: Long sword        ||    70
       Tailslap          ||     6
 Abil: Rolling Charge    ||     6
Armor: Scale mail        ||    39
Dodge: Dodged            ||    16
Block: Kite shield       ||    40
       Rpst.: Long sword ||     5

Table legend: (Time is in decaauts)
 A = Elapsed time spent in this place.
 B = Non-inter-level travel time spent in this place.
 C = Inter-level travel time spent in this place.
 D = Time resting spent in this place.
 E = Time spent auto-exploring this place.
 F = Levels seen in this place.
 G = Mean time per level.
                   A        B        C        D        E       F      G
               +--------+--------+--------+--------+--------+-----+--------+
         Total |   1088 |   1005 |     83 |    139 |    696 |   2 |  544.0 |
       Dungeon |   1088 |   1005 |     83 |    139 |    696 |   2 |  544.0 |
               +--------+--------+--------+--------+--------+-----+--------+

Top non-repeatable levels by time:
     D:1: 1008 daAuts
     D:2: 80 daAuts
